Map: 아이스 앤 크롬 - 래더

Players

GOStephano (Stephano)

  • Race: Zerg Zerg
  • League: Master
  • Spawn Location: 1:00

Bunny - Winner!

  • Race: Terran Terran
  • Spawn Location: 7:00

Event: StayAtHomestory Cup #2

VOD

Have the link to the VOD?

Description

Time

  • Played on: June 11, 2020, 7:58 a.m.
  • Length: 8:40

All games in this series

Show
View Real Time Build Order
Export as new Build Order

GOStephano Zerg 

Build Orders: Hatch First 

Get SALT Encoding   

  12  0:00  Drone  
  13  0:12  Overlord  
  13  0:17  Drone  
  14  0:30  Drone x2  
  16  0:47  Hatchery  
  15  0:51  Drone  
  15  0:54  Drone  
  17  0:57  Drone  
  18  1:08  Extractor  
  17  1:13  Spawning Pool  
  17  1:16  Drone  
  17  1:19  Drone  
  18  1:28  Drone  
  19  1:39  Drone  
  20  2:01  Zergling x2, Spine Crawler, Queen  
  22  2:02  Zergling x2, Spine Crawler  
  21  2:20  Zergling x2  
  19  2:33  Drone x2  
  19  2:39  Drone  
  19  2:42  Drone  
  21  2:45  Drone  
  22  2:54  Queen  
  24  3:02  Drone x2  
  26  3:06  Drone  
  27  3:15  Overlord  
  27  3:17  Overlord  
  27  3:34  Drone x3  
  27  3:35  Drone  
  31  3:45  Hatchery  
  31  3:48  Metabolic Boost  
  30  3:54  Queen  
  32  3:57  Drone  
  32  4:00  Drone  
  34  4:03  Drone  
  34  4:06  Drone  
  34  4:07  Drone  
  37  4:11  Overlord  
  37  4:13  Drone  
  37  4:15  Drone  
  39  4:17  Drone  
  39  4:19  Drone  
  39  4:22  Drone  
  42  4:26  Zergling x2  
  43  4:35  Overlord  
  43  4:36  Queen  
  45  4:39  Drone  
  45  4:44  Queen  
  45  4:45  Drone x2  
  50  4:49  Zergling x4  
  52  4:53  Drone x2  
  52  4:55  Zergling x4  
  56  5:01  Evolution Chamber  
  58  5:07  Drone x3  
  57  5:14  Drone x4  
  60  5:23  Overlord  
  60  5:24  Drone  
  60  5:26  Spore Crawler  
  59  5:29  Zerg Ground Armor Level 1  
  59  5:30  Drone  
  59  5:31  Drone  
  61  5:39  Drone x4  
  65  5:44  Overlord  
  65  5:47  Evolution Chamber  
  64  5:55  Drone x4  
  58  5:58  Drone x3  
  58  6:01  Drone  
  60  6:08  Drone x4  
  64  6:13  Drone x3  
  64  6:17  Zerg Melee Weapons Level 1  
  66  6:20  Drone  
  66  6:21  Drone  
  66  6:22  Extractor  
  66  6:23  Drone x2, Extractor  
  66  6:25  Drone  
  69  6:34  Drone x3  
  69  6:35  Hatchery  
  69  6:36  Extractor x2  
  69  6:39  Queen  
  71  6:45  Drone  
  72  6:47  Overlord  
  72  6:49  Drone  
  72  6:51  Drone  
  72  6:52  Drone x5  
  79  6:58  Lair  
  79  7:00  Baneling Nest  
  78  7:08  Zergling x18  
  87  7:19  Hatchery  
  86  7:23  Zergling x2  
  86  7:24  Zergling x4  
  86  7:26  Overlord  
  86  7:27  Overlord x2  
  89  7:36  Overlord  
  89  7:40  Overlord  
  89  7:41  Zergling x2  
  89  7:42  Zergling x4  
  88  7:45  Baneling x4  
  88  7:48  Zergling x16  
  88  7:49  Zergling x2  
  97  8:00  Zergling x4  
  98  8:05  Hatchery  
  89  8:24  Hydralisk Den  
Show
View Real Time Build Order
Export as new Build Order

Bunny Terran - Winner!

Build Orders:  

Get SALT Encoding   

  12  0:00  SCV  
  13  0:13  SCV  
  14  0:17  Supply Depot  
  14  0:25  SCV  
  15  0:41  Barracks  
  15  0:43  SCV  
  16  0:52  Barracks  
  16  0:57  SCV  
  17  1:08  Refinery  
  17  1:11  SCV  
  18  1:23  SCV  
  19  1:27  Marine  
  20  1:35  Orbital Command  
  20  1:39  Marine  
  21  1:42  Supply Depot  
  21  1:45  Marine  
  22  1:55  Bunker  
  22  1:57  Marine  
  23  2:03  Marine  
  23  2:04  SCV  
  25  2:13  Bunker  
  25  2:15  Marine  
  26  2:19  SCV  
  26  2:27  Bunker  
  26  2:28  Factory  
  26  2:31  SCV  
  26  2:43  SCV  
  27  2:49  Command Center  
  27  2:55  SCV  
  28  3:04  Refinery  
  28  3:07  SCV, Supply Depot  
  29  3:13  Factory Reactor  
  29  3:14  Starport  
  30  3:20  SCV  
  30  3:32  SCV  
  31  3:42  Supply Depot  
  31  3:44  SCV  
  32  3:51  Hellion x2, Medivac  
  38  3:56  SCV  
  39  4:08  SCV  
  40  4:12  Hellion  
  40  4:13  Hellion  
  44  4:19  Orbital Command  
  44  4:20  SCV  
  45  4:26  Liberator  
  48  4:32  SCV  
  49  4:44  SCV, Command Center  
  49  4:45  SCV  
  51  4:48  Barracks Tech Lab  
  51  4:52  Factory Tech Lab  
  51  4:56  SCV, Marine x2  
  51  4:57  SCV  
  51  4:58  Supply Depot  
  55  5:08  SCV  
  55  5:09  SCV  
  55  5:12  Stimpack  
  57  5:20  Marine  
  57  5:21  SCV x2, Engineering Bay, Marine x2  
  61  5:22  Engineering Bay  
  61  5:25  Siege Tank  
  65  5:29  Supply Depot  
  65  5:33  SCV x2  
  65  5:42  Refinery  
  65  5:43  Refinery, Marine x2  
  65  5:44  Marine  
  65  5:45  SCV x2  
  65  5:47  Starport Reactor  
  70  5:59  Siege Tank  
  70  6:02  Marine x3  
  76  6:04  SCV x2  
  76  6:07  Orbital Command  
  78  6:11  Supply Depot  
  78  6:17  Supply Depot, Terran Infantry Weapons Level 1  
  75  6:20  Terran Infantry Armor Level 1  
  75  6:24  Medivac  
  75  6:25  SCV  
  78  6:26  SCV  
  78  6:30  Orbital Command  
  79  6:37  SCV, Supply Depot, Marine x3  
  79  6:38  SCV  
  84  6:46  Barracks  
  84  6:49  SCV  
  84  6:50  SCV  
  84  6:54  Combat Shield  
  86  6:55  Armory, Marine x3  
  86  6:59  SCV  
  86  7:01  Siege Tank  
  93  7:02  Medivac  
  95  7:08  SCV  
  95  7:09  SCV  
  95  7:11  SCV  
  95  7:13  Marine x3  
  95  7:15  Supply Depot, Medivac  
  103  7:25  Barracks  
  103  7:28  Barracks  
  103  7:31  Marine  
  103  7:32  SCV  
  103  7:33  SCV x2  
  103  7:36  Barracks Reactor  
  107  7:37  Marine x2  
  107  7:39  Siege Tank  
  107  7:40  Medivac  
  114  7:45  SCV x3, Medivac  
  114  7:48  Marine  
  114  7:51  Refinery  
  120  7:54  Supply Depot  
  120  7:55  Supply Depot, Marine x2  
  122  8:06  Marine  
  122  8:11  SCV x3, Marine x2  
  124  8:13  Marine  
  124  8:16  Marine, Widow Mine  
  124  8:19  Supply Depot  
  128  8:25  Barracks Reactor x2  
Tags
 
Add a new tag
Caveats
  • Supply blocks, unpowered buildings, or Contaminate may cause inaccurate times.
  • Supply counts are checked every 10 seconds.